 Dungeon Crawl Stone Soup version 0.27-a0-1434-g6f15984924 (webtiles) character file.

Game seed: 11396300856829306410

1397 Sobieck the Slasher (level 8, 51/51 HPs)
             Began as a Tengu Berserker on July 2, 2021.
             Was a Priest of Trog.
             Got out of the dungeon alive.
             The game lasted 00:10:51 (7170 turns).

Sobieck the Slasher (Tengu Berserker)               Turns: 7170, Time: 00:10:51

Health: 51/51      AC:  8    Str: 19    XL:     8   Next: 69%
Magic:  9/9        EV: 15    Int:  7    God:    Trog [***...]
Gold:   218        SH:  0    Dex: 15    Spells: 7/7 levels left

rFire    + + .     SeeInvis .   a - +2 falchion {long}
rCold    . . .     Faith    .   (no shield)
rNeg     . . .     Spirit   .   n - +0 scale mail
rPois    .         Reflect  .   (helmet restricted)
rElec    .         Harm     .   (no cloak)
rCorr    .         Rampage  .   f - +0 pair of gloves
Will     .....                  (boots unavailable)
Stlth    ..........             (no amulet)
HPRegen  0.17/turn              l - ring of protection from fire
MPRegen  0.11/turn              o - ring of protection from fire

@: flying quickly and evasively, quick
A: beak, talons 3, nimble flight
a: Renounce Religion, Berserk, Trog's Hand


You escaped.
You worshipped Trog.
Trog was most pleased with you.
You visited 1 branch of the dungeon, and saw 6 of its levels.

You collected 218 gold pieces.


Innate Abilities, Weirdness & Mutations

You have a beak for a mouth.
You have claws for feet.
Your magical nature lets you fly swiftly and evasively.


   Skills:
 + Level 5.9 Fighting
 + Level 6.6 Long Blades
 + Level 6.1 Armour
 - Level 6.0 Dodging


You had 7 spell levels left.
You didn't know any spells.
Your spell library contained the following spells:

 Spells                   Type           Power      Damage    Failure   Level
 Slow                     Hex            0%         N/A       88%         2
 Sublimation of Blood     Necr           0%         N/A       88%         2
 Confusing Touch          Hex            0%         N/A       98%         3
 Dazzling Flash           Conj/Hex       0%         N/A       98%         3
 Gell's Gravitas          Tloc           0%         N/A       98%         3
 Teleport Other           Tloc           0%         N/A       98%         3
 Petrify                  Tmut/Erth      0%         N/A       100%        4
 Agony                    Necr           0%         N/A       100%        5
 Freezing Cloud           Conj/Ice/Air   0%         6-21      100%        5
 Irradiate                Conj/Tmut      0%         3d13      100%        5
 Silence                  Hex/Air        0%         N/A       100%        5
 Yara's Violent Unravell  Hex/Tmut       0%         3d3       100%        5
 Dispersal                Tloc           0%         N/A       100%        6
 Simulacrum               Ice/Necr       0%         N/A       100%        6
 Polar Vortex             Ice            0%         N/A       100%        9

Inventory:

Hand Weapons
 a - a +2 falchion (weapon) {long}
 c - a +2 spear of venom {polearm}
   (You took it off a gnoll on level 6 of the Dungeon)
 m - a +2 vorpal hand axe {axe}
   (You took it off an orc priest on level 6 of the Dungeon)
 p - a +0 eveningstar {macerare=g}
   (You found it on level 3 of the Dungeon)
 s - a +0 dagger of venom {short}
   (You took it off a goblin on level 4 of the Dungeon)
 w - a +2 short sword of holy wrath {short}
   (You took it off a kobold on level 4 of the Dungeon)
 y - a +5 halberd {polearm}
   (You took it off a wight on level 6 of the Dungeon)
 z - a +3 short sword of freezing {short}
   (You took it off a wight on level 6 of the Dungeon)
 C - a +2 great sword {long}
   (You took it off a wight on level 6 of the Dungeon)
Missiles
 d - 273 stones (quivered) {throwing}
 i - 40 poisoned darts {throwing}
 j - 45 bolts
 k - 69 arrows
 t - 2 boomerangs {throwing}
Armour
 f - a +0 pair of gloves (worn)
   (You found it on level 1 of the Dungeon)
 n - a +0 scale mail (worn)
   (You took it off Terence on level 2 of the Dungeon)
Jewellery
 l - a ring of protection from fire (left hand)
   (You found it on level 2 of the Dungeon)
 o - a ring of protection from fire (right hand)
   (You took it off a gnoll on level 3 of the Dungeon)
Wands
 B - a wand of digging (5)
   (You found it on level 5 of the Dungeon)
Scrolls
 b - 2 scrolls of blinking {!r}
 q - 3 scrolls of teleportation {@r4}
 r - a scroll of vulnerability {!r!r}
Potions
 e - a potion of berserk rage {!q}
 g - a potion of attraction {!q}
 h - a potion of ambrosia
 u - a potion of resistance {unknown}
 v - a potion of curing {unknown}
 x - a potion of flight {unknown}
 A - a potion of might {unknown}

Dungeon Overview and Level Annotations

Branches:
Dungeon (6/15)             Temple (0/1) D:5

Altars:
Ashenzari
Gozag
Uskayaw

Shops:
D:4 *

Annotations:
D:5 exclusion: downstairs

#################
#...#...#P..#P@.#
###...#..P#..P#...#
..##'###'###'###'##
###...............#
..'.......##.....P#
###...............#
##'###'###'###'##
#...#...#...#...#
#...#...#...#...#


There were no monsters in sight!


Message History

You destroy the wight!
Trog accepts your kill.
You slash the wight! You barely miss the wight. Your peck misses the wight.
The wight hits you with a +3 short sword of freezing!
The wight freezes you. The wight barely misses you. 😮 HP[-8]
You take 8 damage, and now have 57/76 hp.
You are too injured to fight recklessly!
You are too injured to fight recklessly!
You are too injured to fight recklessly!
Unknown command.
You are too injured to fight recklessly!
You are too injured to fight recklessly!
You are too injured to fight recklessly!
You slash the wight!
You destroy the wight!
Trog accepts your kill. 😕 HP[+1]
The wight closely misses you.
Items here: )) [[.
You slash the wight! The wight barely misses you.
You riposte.
You slash the wight!
You destroy the wight!
Trog accepts your kill.
Training target 6.0 for Dodging reached!
Your Armour skill increases to level 6!
Your Dodging skill increases to level 6!
Things that are here:
a +5 halberd {polearm}; a +0 robe You closely miss the wight.
Your peck misses the wight.
The wight hits you with a +0 hand axe. 😮 HP[-4]
You take 4 damage, and now have 54/76 hp.
You slash the wight! Your kick misses the wight.
You peck the wight, but do no damage.
The wight hits you with a +0 hand axe! 😮 HP[-10]
You take 10 damage, and now have 44/76 hp.
You slash the wight!
You destroy the wight!
Trog accepts your kill.
You are no longer berserk.
You are exhausted.
You feel yourself slow down.
Things that are here:
a +0 hand axe {axe}; a +0 robe; 😮 HP[-14]
You now have 51 max hp (-25).
You start resting.
You feel yourself speed up.
You recover from your berserk rage.
Unknown command. 😕 HP[+20]
You regained 20 hp, and now have 50/51 hp.
y - a +5 halberd {polearm} You see here a +0 robe.
z - a +3 short sword of freezing {short}
C - a +2 great sword {long}
Things that are here:
a +0 robe; a +0 robe 😎 HP[+1]
Your hp is fully restored (51).
Things that are here:
a +0 robe; a +0 robe You see here a +0 robe.
Things that are here:
a +0 hand axe {axe}; a +0 robe
(D) Dungeon (T) Temple
Where to? (? - help)
There is a stone staircase leading up, spattered with blood here.
You fly upwards.
Level annotation: exclusion: downstairs
There is a stone staircase leading down here.
(D) Dungeon (T) Temple
Where to? (Enter - D:5, ? - help)
What level of the Dungeon? (default 1, ? - help)
There is an open door here.
There is a stone staircase leading up here.
You fly upwards.
There is a stone staircase leading down here.
There is a stone staircase leading up here.
You fly upwards.
There is a stone staircase leading down here.
There is an open door here.
There is an open door here.
There is an open door here.
There is an open door here.
There is a stone staircase leading up here.
You fly upwards.
There is a stone staircase leading down here.
There is a stone staircase leading up here.
You fly upwards.
There is a stone staircase leading down here.
(D) Dungeon (T) Temple
Where to? (Enter - D:1, ? - help)
Okay, then.
There is an open door here.
There is an open door here.
There is a staircase leading out of the dungeon here.
Are you sure you want to leave the Dungeon?
This will make you lose the game!
You have escaped!

Skill      XL: |  1  2  3  4  5  6  7  8 |
---------------+-------------------------+-----
Armour         | 3 4 5 6 |  6.1
Dodging        | 3 4 5 6 |  6.0
Long Blades    | 4 5 6 |  6.6
Fighting       | 4 5 |  5.9

Action                   |  1- 3 |  4- 6 |  7- 9 || total
-------------------------+-------+-------+-------++-------
Melee: Falchion          |    48 |   111 |    87 ||   246
       Kick              |    16 |    31 |    26 ||    73
       Peck              |    10 |    27 |    12 ||    49
Throw: Stone             |       |       |     1 ||     1
Invok: Berserk           |     5 |     5 |     4 ||    14
       Trog's Hand       |       |       |     1 ||     1
  Use: Scroll            |     2 |       |     9 ||    11
 Stab: Sleeping          |     3 |       |       ||     3
Armor: Animal skin       |     5 |       |       ||     5
       Scale mail        |       |    45 |    31 ||    76
Dodge: Dodged            |    30 |    65 |    57 ||   152
       Rpst.: Falchion   |     9 |    17 |    14 ||    40

Levels and vault maps discovered:
D:1:      dpeg_arrival_prison, layout_loops_ring, serial_glass, glass_columns_b,
          glass_columns_a, shapermc_ecumenical_altar_totnotflames
D:2:      layout_loops_cross, basic_altar, uniq_terence
D:3:      layout_basic, grunt_gozag_breadcrumbs, st_stairs_8,
          kennysheep_minor_cross
D:4:      layout_loops_ring, serial_shops,
          nicolae_shop_temple_entry_statues_fountains, uniq_robin
D:5:      layout_basic, dancing_weapons_uskayaw, minmay_temple_entry_wispy,
          minivault_1
D:6:      layout_loops_ring

Notes
Turn   | Place    | Note
-------+----------+-------------------------------------------
     0 | D:1      | Sobieck the Tengu Berserker began the quest for the Orb.
     0 | D:1      | Reached XP level 1. HP: 14/14 MP: 2/2
     0 | D:1      | magus.rc [v1.9.6]
     0 | D:1      | magus.rc [v1.9.6]
   374 | D:1      | You pick up a book of Ice {forbidden} and begin reading...
   374 | D:1      | You add the spells Freezing Cloud, Simulacrum and Polar
                  | Vortex to your library.
   385 | D:1      | Reached XP level 2. HP: 19/19 MP: 3/3
   844 | D:1      | You pick up a book of the Senses {forbidden} and begin
                  | reading...
   844 | D:1      | You add the spells Dazzling Flash, Agony and Silence to
                  | your library.
   947 | D:1      | Reached XP level 3. HP: 16/23 MP: 4/4
  1114 | D:1      | Found a faded altar of an unknown god.
  1729 | D:2      | You pick up a book of Misfortune {forbidden} and begin
                  | reading...
  1729 | D:2      | You add the spells Slow, Confusing Touch and Yara's Violent
                  | Unravelling to your library.
  1826 | D:2      | Found a broken altar of Ashenzari.
  1851 | D:2      | Noticed Terence
  1860 | D:2      | Killed Terence
  2017 | D:2      | Reached ** piety under Trog
  2133 | D:2      | Reached skill level 3 in Armour
  2133 | D:2      | Reached XP level 4. HP: 28/28 MP: 5/5
  2185 | D:2      | You add the spells Gell's Gravitas, Teleport Other and
                  | Dispersal to your library.
  2213 | D:2      | Reached skill level 3 in Dodging
  2365 | D:2      | Reached skill level 4 in Long Blades
  2600 | D:4      | Gained mutation: Your magical nature lets you fly swiftly
                  | and evasively. [Tengu growth]
  2600 | D:4      | Reached XP level 5. HP: 26/33 MP: 6/6
  2842 | D:3      | Reached skill level 4 in Fighting
  3384 | D:3      | p - a +0 eveningstar {macerare=g}
  3435 | D:4      | Reached XP level 6. HP: 38/38 MP: 7/7
  3446 | D:5      | Entered Level 5 of the Dungeon
  3710 | D:3      | Found an opulent altar of Gozag.
  4012 | D:4      | You pick up a book of Alchemy {forbidden} and begin
                  | reading...
  4012 | D:4      | You add the spells Sublimation of Blood, Petrify and
                  | Irradiate to your library.
  4029 | D:4      | Reached *** piety under Trog
  4212 | D:4      | Found Plog's Assorted Antiques.
  4238 | D:4      | Reached skill level 4 in Armour
  4262 | D:4      | Reached skill level 4 in Dodging
  4436 | D:4      | Noticed an ice beast
  4447 | D:4      | Killed an ice beast
  4448 | D:4      | Reached skill level 5 in Long Blades
  4448 | D:4      | Reached XP level 7. HP: 32/44 MP: 8/8
  4620 | D:4      | Noticed Robin
  4629 | D:4      | Killed Robin
  4928 | D:5      | Found a staircase to the Ecumenical Temple.
  4969 | D:5      | Found a hide-covered altar of Uskayaw.
  4973 | D:5      | Noticed a +0 dagger
  4974 | D:5      | Noticed a +0 hand axe
  5581 | D:5      | HP: 11/44 [centaur (1)]
  5586 | D:5      | Reached skill level 5 in Fighting
  5586 | D:5      | Reached skill level 5 in Armour
  5949 | D:6      | Reached skill level 5 in Dodging
  6388 | D:6      | Reached XP level 8. HP: 49/49 MP: 9/9
  6398 | D:6      | Reached skill level 6 in Long Blades
  6424 | D:6      | HP: 11/50 [gnoll shaman (8)]
  6432 | D:6      | HP: 8/50 [gnoll (4)]
  6477 | D:6      | Upgraded the game from 0.27-a0-1431-gcffa5a9b16 to
                  | 0.27-a0-1434-g6f15984924
  6477 | D:6      | magus.rc [v1.9.6]
  6589 | D:6      | HP: 8/50 [orc warrior (8)]
  6858 | D:6      | Reached skill level 6 in Armour
  6858 | D:6      | Reached skill level 6 in Dodging
  7170 | D:$      | Got out of the dungeon alive.

Vanquished Creatures
  A water moccasin (D:5)
  An ice beast (D:4)
  An orc warrior (D:6)
  3 centaurs
  A scorpion (D:6)
  4 wights (D:6)
  A hound (D:4)
  2 orc priests (D:6)
  2 gnoll shamans (D:6)
  2 iguanas
  2 jellies
  A centaur skeleton (D:6)
  Terence (D:2)
  An orc wizard (D:6)
  A hound skeleton (D:4)
  Robin (D:4)
  6 adders
  11 gnolls
  A howler monkey skeleton (D:5)
  A worm (D:2)
  3 dart slugs
  11 orcs
  6 ball pythons
  5 bats
  8 endoplasms
  3 giant cockroaches
  3 hobgoblins
  3 jackals (D:3)
  4 quokkas
  A frilled lizard (D:1)
  16 goblins
  6 kobolds
  5 rats
118 creatures vanquished.

Table legend:
 A = Non-vault XP
 B = Vault XP
 C = Vault XP percentage of total XP
 D = Non-vault monster count
 E = Vault monster count
 F = Vault count percentage of total count
                 A         B        C        D         E       F
            +---------+---------+-------+---------+---------+-------
      Total |    1927 |      70 |   3.5 |     107 |      11 |   9.3
            +---------+---------+-------+---------+---------+-------
        D:1 |      29 |       2 |   6.5 |      16 |       2 |  11.1
        D:2 |      45 |      38 |  45.8 |      17 |       1 |   5.6
        D:3 |     129 |       0 |   0.0 |      21 |       0 |   0.0
        D:4 |     346 |      30 |   8.0 |      25 |       8 |  24.2
        D:5 |     430 |       0 |   0.0 |       5 |       0 |   0.0
        D:6 |     948 |       0 |   0.0 |      23 |       0 |   0.0
            +---------+---------+-------+---------+---------+-------

Illustrated notes

Table legend:
 A = Kills in this place as a percentage of kills in entire the game.
 B = Kills by you in this place as a percentage of kills by you in the entire game.
 C = Kills by friends in this place as a percentage of kills by friends in the entire game.
 D = Other kills in this place as a percentage of other kills in the entire game.
 E = Experience gained in this place as a percentage of experience gained in the entire game.
 F = Experience gained in this place divided by the number of levels of this place that you have seen.
                   A       B       C       D       E      F
               +-------+-------+-------+-------+-------+----------------------
         Total | 100.0 | 100.0 |   N/A |   N/A | 100.0 | 332.8
       Dungeon | 100.0 | 100.0 |   N/A |   N/A | 100.0 | 332.8
               +-------+-------+-------+-------+-------+----------------------

Table legend: (Time is in decaauts)
 A = Elapsed time spent in this place.
 B = Non-inter-level travel time spent in this place.
 C = Inter-level travel time spent in this place.
 D = Time resting spent in this place.
 E = Time spent auto-exploring this place.
 F = Levels seen in this place.
 G = Mean time per level.
                   A        B        C        D        E       F      G
               +--------+--------+--------+--------+--------+-----+--------+
         Total |   7109 |   6598 |    511 |   2533 |   3389 |   6 | 1184.8 |
       Dungeon |   7109 |   6598 |    511 |   2533 |   3389 |   6 | 1184.8 |
               +--------+--------+--------+--------+--------+-----+--------+

Top non-repeatable levels by time:
     D:1: 1708 daAuts
     D:5: 1464 daAuts
     D:3: 1361 daAuts
     D:4: 1039 daAuts
     D:2: 880 daAuts
     D:6: 654 daAuts
